PBL
CHESTER PIRATES @ TROIS-RIVERES AIGLES
08/12/2047
 
TOP OF THE 1ST
Chester Pirates batting - Pitching for Trois-Riveres Aigles : RHP Vince Martinez
Pitching: RHP Vince Martinez
Batting: RHB Ryan LeSueur 0-0: Ball
1-0: Called Strike
1-1: Ball
2-1: Foul Ball, location: 2F
2-2: Strikes out swinging
Batting: RHB Jason Rhodes 0-0: Called Strike
0-1: Ball
1-1: Called Strike
1-2: Strikes out swinging
Batting: LHB Kazuyoshi Ikeda 0-0: Ball
1-0: Ball
2-0: Fly out, F4 (Popup, 4MD, EV 53.1 MPH)
Top of the 1st over - 0 runs, 0 hits, 0 errors, 0 left on base; Chester 0 - Trois-Riveres 0
BOTTOM OF THE 1ST
Trois-Riveres Aigles batting - Pitching for Chester Pirates : RHP Pete Griesser
Pitching: RHP Pete Griesser
Batting: RHB Luis Jara 0-0: SINGLE (Groundball, 25, EV 73.8 MPH) (infield hit)
Batting: RHB Dave Valdez 0-0: Ball
1-0: Swinging Strike
1-1: Foul Ball, location: 2F
1-2: Strikes out looking
Batting: RHB Kyler Seitz 0-0: Called Strike
0-1: Ball
1-1: Ball
2-1: Foul Ball, location: 2F
2-2: Foul Ball, location: 2F
2-2: Foul Ball, location: 2F
2-2: Ball
3-2: Foul Ball, location: 2F
3-2: Fly out, F7 (Flyball, 78M, EV 88.1 MPH)
Batting: RHB Jon Gonzales 0-0: Ball
Luis Jara is caught stealing 2nd base 2-4
Bottom of the 1st over - 0 runs, 1 hit, 0 errors, 0 left on base; Chester 0 - Trois-Riveres 0
TOP OF THE 2ND
Chester Pirates batting - Pitching for Trois-Riveres Aigles : RHP Vince Martinez
Batting: RHB Rafael Galicia 0-0: Ball
1-0: Foul Ball, location: 2F
1-1: Foul Ball, location: 2F
1-2: Foul Ball, location: 2F
1-2: Strikes out swinging
Batting: LHB Damien Cohen 0-0: Foul Ball, location: 2F
0-1: Swinging Strike
0-2: Foul Ball, location: 2F
0-2: Ball
1-2: Ball
2-2: Strikes out looking
Batting: RHB Francisco Santos 0-0: Called Strike
0-1: Ball
1-1: Called Strike
1-2: Strikes out swinging
Top of the 2nd over - 0 runs, 0 hits, 0 errors, 0 left on base; Chester 0 - Trois-Riveres 0
BOTTOM OF THE 2ND
Trois-Riveres Aigles batting - Pitching for Chester Pirates : RHP Pete Griesser
Batting: RHB Jon Gonzales 0-0: Ball
1-0: Ball
2-0: Foul Ball, location: 2F
2-1: Foul Ball, location: 2F
2-2: Ball
3-2: SINGLE (Groundball, 6MD, EV 110.6 MPH)
Batting: RHB Tim Dower 0-0: Called Strike
0-1: Fly out, F4 (Popup, 34, EV 66.2 MPH)
Batting: RHB Tony Bonilla 0-0: Ball
1-0: Foul Ball, location: 2F
1-1: Swinging Strike
1-2: Foul Ball, location: 2F
1-2: 2-RUN HOME RUN (Flyball, 9D, EV 97.5 MPH), Distance : 380 ft
Batting: RHB Willie Acevedo 0-0: Foul Ball, location: 2F
0-1: Fly out, F8 (Flyball, 8LD, EV 97.5 MPH)
Batting: RHB Gilbert Hoareau 0-0: Called Strike
0-1: Ground out 5-3 (Groundball, 56, EV 106.2 MPH)
Bottom of the 2nd over - 2 runs, 2 hits, 0 errors, 0 left on base; Chester 0 - Trois-Riveres 2
TOP OF THE 3RD
Chester Pirates batting - Pitching for Trois-Riveres Aigles : RHP Vince Martinez
Batting: SHB Jiong Qi 0-0: Ball
1-0: Ball
2-0: Fly out, F8 (Flyball, 89M, EV 88.8 MPH)
Batting: RHB Ryan Thurston 0-0: Swinging Strike
0-1: Called Strike
0-2: TRIPLE (Flyball, 8RXD, EV 107.5 MPH)
Batting: RHB Bob Buckler 0-0: Foul Ball, location: 2F
0-1: Ball
1-1: Foul Ball, location: 2F
1-2: Fly out, F7 (Flyball, 7, EV 87.5 MPH)
Batting: RHB Ryan LeSueur 0-0: Called Strike
0-1: Foul Ball, location: 2F
0-2: Ball
1-2: Ground out 4-3 (Groundball, 34, EV 81.2 MPH)
Top of the 3rd over - 0 runs, 1 hit, 0 errors, 1 left on base; Chester 0 - Trois-Riveres 2
BOTTOM OF THE 3RD
Trois-Riveres Aigles batting - Pitching for Chester Pirates : RHP Pete Griesser
Batting: RHB Jeff Standridge 0-0: Called Strike
0-1: Foul Ball, location: 2F
0-2: Foul Ball, location: 2F
0-2: Ball
1-2: Fly out, F9 (Flyball, 9, EV 88.8 MPH)
Batting: RHB Luis Jara 0-0: Called Strike
0-1: Ball
1-1: SOLO HOME RUN (Flyball, 7D, EV 99.4 MPH), Distance : 386 ft
Batting: RHB Dave Valdez 0-0: Ball
1-0: Swinging Strike
1-1: Ball
2-1: Foul Ball, location: 2F
2-2: Ball
3-2: Base on Balls
Batting: RHB Kyler Seitz 0-0: Called Strike
0-1: Called Strike
0-2: Ball
1-2: Ball
2-2: Fly out, F8 (Flyball, 89M, EV 93.1 MPH)
Batting: RHB Jon Gonzales 0-0: Ball
Dave Valdez is caught stealing 2nd base 2-4
Bottom of the 3rd over - 1 run, 1 hit, 0 errors, 0 left on base; Chester 0 - Trois-Riveres 3
TOP OF THE 4TH
Chester Pirates batting - Pitching for Trois-Riveres Aigles : RHP Vince Martinez
Batting: RHB Jason Rhodes 0-0: Foul Ball, location: 2F
0-1: Fly out, F6 (Line Drive, 6, EV 60.0 MPH)
Batting: LHB Kazuyoshi Ikeda 0-0: Called Strike
0-1: Ground out 5-3 (Groundball, 56S, EV 68.8 MPH)
Batting: RHB Rafael Galicia 0-0: Hit by Pitch
Batting: LHB Damien Cohen 0-0: Ball
Wild Pitch!
Rafael Galicia to second
1-0: Called Strike
1-1: Ball
2-1: Swinging Strike
2-2: Foul Ball, location: 2F
2-2: Strikes out swinging
Top of the 4th over - 0 runs, 0 hits, 0 errors, 1 left on base; Chester 0 - Trois-Riveres 3
BOTTOM OF THE 4TH
Trois-Riveres Aigles batting - Pitching for Chester Pirates : RHP Pete Griesser
Batting: RHB Jon Gonzales 0-0: Ball
1-0: Ball
2-0: Ball
3-0: Base on Balls
Batting: RHB Tim Dower 0-0: Ball
1-0: Ball
2-0: Called Strike
2-1: Foul Ball, location: 2F
2-2: Strikes out swinging
Batting: RHB Tony Bonilla 0-0: Called Strike
0-1: Hit by Pitch
Jon Gonzales to second
Batting: RHB Willie Acevedo 0-0: Swinging Strike
0-1: Foul Ball, location: 2F
0-2: Strikes out swinging
Batting: RHB Gilbert Hoareau 0-0: Ball
1-0: 3-RUN HOME RUN (Line Drive, 7LD, EV 97.5 MPH), Distance : 355 ft
Pitching: RHP Sung-jae Choo
Batting: RHB Jeff Standridge 0-0: Swinging Strike
0-1: Swinging Strike
0-2: Strikes out swinging
Bottom of the 4th over - 3 runs, 1 hit, 0 errors, 0 left on base; Chester 0 - Trois-Riveres 6
TOP OF THE 5TH
Chester Pirates batting - Pitching for Trois-Riveres Aigles : RHP Vince Martinez
Batting: RHB Francisco Santos 0-0: Ball
1-0: Fly out, F8 (Line Drive, 78M, EV 90.0 MPH)
Batting: SHB Jiong Qi 0-0: Ball
1-0: Ball
2-0: Swinging Strike
2-1: Foul Ball, location: 2F
2-2: Foul Ball, location: 2F
2-2: Strikes out swinging
Batting: RHB Ryan Thurston 0-0: Foul Ball, location: 2F
0-1: Swinging Strike
0-2: Ball
1-2: Strikes out swinging
Top of the 5th over - 0 runs, 0 hits, 0 errors, 0 left on base; Chester 0 - Trois-Riveres 6
BOTTOM OF THE 5TH
Trois-Riveres Aigles batting - Pitching for Chester Pirates : RHP Sung-jae Choo
Batting: RHB Luis Jara 0-0: Called Strike
0-1: Ground out 4-3 (Groundball, 4, EV 106.2 MPH)
Batting: RHB Dave Valdez 0-0: Called Strike
0-1: Ball
1-1: Called Strike
1-2: Foul Ball, location: 2F
1-2: Foul Ball, location: 2F
1-2: Ball
2-2: Strikes out looking
Batting: RHB Kyler Seitz 0-0: Called Strike
0-1: Swinging Strike
0-2: Strikes out swinging
Bottom of the 5th over - 0 runs, 0 hits, 0 errors, 0 left on base; Chester 0 - Trois-Riveres 6
TOP OF THE 6TH
Chester Pirates batting - Pitching for Trois-Riveres Aigles : RHP Vince Martinez
Batting: RHB Bob Buckler 0-0: Foul Ball, location: 2F
0-1: Ball
1-1: Called Strike
1-2: Ball
2-2: Fly out, F8 (Flyball, 8LXD, EV 102.5 MPH)
Batting: RHB Ryan LeSueur 0-0: Ball
1-0: Called Strike
1-1: Ball
2-1: Called Strike
2-2: Fly out, F9 (Flyball, 9, EV 93.1 MPH)
Batting: RHB Jason Rhodes 0-0: Called Strike
0-1: Called Strike
0-2: Ball
1-2: Foul Ball, location: 2F
1-2: Strikes out swinging
Top of the 6th over - 0 runs, 0 hits, 0 errors, 0 left on base; Chester 0 - Trois-Riveres 6
BOTTOM OF THE 6TH
Trois-Riveres Aigles batting - Pitching for Chester Pirates : RHP Sung-jae Choo
Batting: RHB Jon Gonzales 0-0: Ball
1-0: Foul Ball, location: 2F
1-1: Ball
2-1: Foul Ball, location: 2F
2-2: Ball
3-2: SINGLE (Groundball, 5D, EV 101.2 MPH)
Batting: RHB Tim Dower 0-0: Hit by Pitch
Jon Gonzales to second
Batting: RHB Tony Bonilla 0-0: Foul Ball, location: 2F
0-1: Ball
1-1: Ball
2-1: Ball
3-1: SINGLE (Groundball, 56D, EV 103.1 MPH)
Jon Gonzales to third
Tim Dower to second
Batting: RHB Willie Acevedo 0-0: Ball
1-0: Foul Ball, location: 2F
1-1: Ball
2-1: Fly out, F8 (Line Drive, 8LM, EV 91.9 MPH)
Batting: RHB Gilbert Hoareau 0-0: SINGLE (Groundball, 6M, EV 85.0 MPH) (infield hit)
Jon Gonzales scores
Tim Dower to third
Tony Bonilla to second
Batting: RHB Jeff Standridge 0-0: Called Strike
0-1: Called Strike
0-2: Ball
1-2: Ball
2-2: Ball
3-2: Strikes out swinging
Batting: RHB Luis Jara 0-0: Called Strike
0-1: DOUBLE (Flyball, 9LD, EV 103.1 MPH)
Tim Dower scores
Tony Bonilla scores
Gilbert Hoareau to third
Runner from 3rd tries for Home, SAFE, throw by RF to trailing runner, SAFE at third!
Batting: RHB Dave Valdez 0-0: Ball
1-0: Fly out, F9 (Line Drive, 89M, EV 86.2 MPH)
Bottom of the 6th over - 4 runs, 4 hits, 0 errors, 1 left on base; Chester 0 - Trois-Riveres 10
TOP OF THE 7TH
Chester Pirates batting - Pitching for Trois-Riveres Aigles : RHP Vince Martinez
Batting: LHB Kazuyoshi Ikeda 0-0: Called Strike
0-1: Ball
1-1: Ball
2-1: Ground out 5-3 (Groundball, 56, EV 108.8 MPH)
Batting: RHB Rafael Galicia 0-0: Ball
1-0: Ball
2-0: Ball
3-0: Base on Balls
Batting: LHB Damien Cohen 0-0: Swinging Strike
0-1: Fly out, F9 (Flyball, 89M, EV 83.1 MPH)
Pinch Hitting: LHB Dave Cook 0-0: Called Strike
0-1: Ball
1-1: Ball
Passed Ball!
Rafael Galicia to second
2-1: Ball
3-1: Base on Balls
Batting: SHB Jiong Qi 0-0: Called Strike
0-1: Ball
1-1: Ball
2-1: Foul Ball, location: 2F
2-2: Fielders Choice at 2nd, 6-4 (Groundball, 6, EV 89.4 MPH)
Top of the 7th over - 0 runs, 0 hits, 0 errors, 2 left on base; Chester 0 - Trois-Riveres 10
BOTTOM OF THE 7TH
Trois-Riveres Aigles batting - Pitching for Chester Pirates : RHP Sung-jae Choo
Now in RF: Dave Cook
Batting: RHB Kyler Seitz 0-0: Called Strike
0-1: Swinging Strike
0-2: Fly out, F2 (Popup, 2R, EV 90.6 MPH)
Batting: RHB Jon Gonzales 0-0: Called Strike
0-1: Foul Ball, location: 2F
0-2: Reached on error, E6 (Groundball, 6, EV 87.5 MPH)
Pitching: RHP Dustin Hamblin
Batting: RHB Tim Dower 0-0: Ball
1-0: Fly out, F4 (Popup, 34S, EV 83.1 MPH)
Batting: RHB Tony Bonilla 0-0: Foul Ball, location: 2F
0-1: Foul Ball, location: 2F
0-2: Ball
1-2: Strikes out swinging
Bottom of the 7th over - 0 runs, 0 hits, 1 error, 1 left on base; Chester 0 - Trois-Riveres 10
TOP OF THE 8TH
Chester Pirates batting - Pitching for Trois-Riveres Aigles : RHP Vince Martinez
Batting: RHB Ryan Thurston 0-0: Foul Ball, location: 2F
0-1: Swinging Strike
0-2: Strikes out looking
Batting: RHB Bob Buckler 0-0: Ball
1-0: Swinging Strike
1-1: Foul Ball, location: 2F
1-2: Strikes out swinging
Batting: RHB Ryan LeSueur 0-0: Ball
1-0: Ground out U3 (Groundball, 34S, EV 80.6 MPH)
Top of the 8th over - 0 runs, 0 hits, 0 errors, 0 left on base; Chester 0 - Trois-Riveres 10
BOTTOM OF THE 8TH
Trois-Riveres Aigles batting - Pitching for Chester Pirates : RHP Dustin Hamblin
Batting: RHB Willie Acevedo 0-0: Ball
1-0: Called Strike
1-1: Called Strike
1-2: Foul Ball, location: 2F
1-2: Ball
2-2: Strikes out swinging
Batting: RHB Gilbert Hoareau 0-0: Foul Ball, location: 2F
0-1: Foul Ball, location: 2F
0-2: Ball
1-2: Strikes out looking
Batting: RHB Jeff Standridge 0-0: Swinging Strike
0-1: Ball
1-1: Foul Ball, location: 2F
1-2: Ground out U3 (Groundball, 3L, EV 89.4 MPH)
Bottom of the 8th over - 0 runs, 0 hits, 0 errors, 0 left on base; Chester 0 - Trois-Riveres 10
TOP OF THE 9TH
Chester Pirates batting - Pitching for Trois-Riveres Aigles : RHP Vince Martinez
Batting: RHB Jason Rhodes 0-0: Ball
1-0: Called Strike
1-1: Called Strike
1-2: Ball
2-2: Ball
3-2: Base on Balls
Batting: LHB Kazuyoshi Ikeda 0-0: Ball
1-0: Foul Ball, location: 2F
1-1: Swinging Strike
1-2: Ball
2-2: Foul Ball, location: 2F
2-2: Foul Ball, location: 2F
2-2: Foul Ball, location: 2F
2-2: Ball
3-2: DOUBLE (Line Drive, 89D, EV 100.6 MPH)
Jason Rhodes to third
Pitching: RHP Corey Adkins
Batting: RHB Rafael Galicia 0-0: Called Strike
0-1: Ball
1-1: Ground out 6-3 (Groundball, 6, EV 87.5 MPH)
Jason Rhodes scores
Batting: LHB Damien Cohen 0-0: Called Strike
0-1: Called Strike
0-2: Foul Ball, location: 2F
0-2: Ball
1-2: Strikes out swinging
Batting: LHB Dave Cook 0-0: Ball
1-0: Called Strike
1-1: Foul Ball, location: 2F
1-2: Fly out, F6 (Line Drive, 6, EV 88.8 MPH)
Top of the 9th over - 1 run, 1 hit, 0 errors, 1 left on base; Chester 1 - Trois-Riveres 10
Thursday, December 15th , 2022 - OOTP Baseball 23.9 Build 102